Map: Ruins of Seras

Players

잉촌사람

  • Race: Protoss Protoss
  • League: Gold

Nero - Winner!

  • Race: Protoss Protoss

VOD

Have the link to the VOD?

Description

Time

  • Played on: Jan. 6, 2016, 9:11 a.m.
  • Length: 21:42
Show
View Real Time Build Order
Export as new Build Order

잉촌사람 Protoss 

Build Orders: 1 Gate Expand 

Get SALT Encoding   

  12  0:01  Probe (Chrono Boost)  
  13  0:12  Probe (Chrono Boost)  
  14  0:19  Pylon  
  14  0:23  Probe (Chrono Boost)  
  15  0:38  Probe (Chrono Boost)  
  15  0:39  Gateway  
  16  0:48  Probe (Chrono Boost)  
  17  0:59  Probe (Chrono Boost)  
  18  1:21  Nexus  
  18  1:27  Pylon  
  18  1:32  Cybernetics Core  
  18  1:39  Assimilator  
  19  1:47  Probe (Chrono Boost)  
  19  1:57  Probe (Chrono Boost)  
  19  2:21  Assimilator  
  19  2:27  Gateway  
  19  2:28  Probe (Chrono Boost)  
  20  2:30  Pylon  
  20  2:34  Adept  
  20  2:36  Probe (Chrono Boost)  
  23  2:39  Probe (Chrono Boost)  
  24  2:47  Probe (Chrono Boost)  
  25  2:57  Probe (Chrono Boost)  
  26  3:08  Probe (Chrono Boost)  
  26  3:09  Pylon  
  27  3:14  Assimilator  
  27  3:15  Probe (Chrono Boost)  
  27  3:18  Probe (Chrono Boost), Assimilator  
  29  3:26  Probe (Chrono Boost)  
  30  3:27  Stargate  
  30  3:29  Probe (Chrono Boost)  
  30  3:33  Stalker  
  34  3:41  Probe (Chrono Boost)  
  34  4:21  Warp Gate (Chrono Boost)  
  34  4:30  Stalker  
  34  4:32  Stalker  
  34  4:35  Probe  
  34  4:36  Oracle (Chrono Boost)  
  40  4:45  Gateway  
  40  4:47  Gateway  
  40  4:57  Robotics Facility  
  40  5:04  Probe  
  40  5:06  Mothership Core  
  43  5:07  Stalker  
  45  5:20  Void Ray (Chrono Boost)  
  45  5:21  Stalker  
  51  5:27  Probe  
  52  5:34  Pylon  
  52  5:37  Pylon, Stalker  
  52  5:38  Stalker  
  52  5:39  Probe  
  57  5:52  Probe  
  58  6:18  Probe  
  59  6:23  Immortal  
  67  6:25  Probe  
  67  6:26  Void Ray (Chrono Boost)  
  68  6:33  Probe  
  68  6:34  Twilight Council  
  68  6:36  Stalker x2  
  68  6:37  Stalker x2  
  68  6:38  Probe  
  78  6:40  Pylon  
  78  6:44  Pylon  
  78  6:58  Probe  
  78  7:00  Sentry x3  
  85  7:06  Observer  
  86  7:16  Probe  
  86  7:18  Probe  
  86  7:20  Blink  
  88  7:28  Probe  
  88  7:29  Dark Shrine  
  89  7:30  Probe  
  90  7:38  Dark Shrine  
  90  8:07  Void Ray (Chrono Boost)  
  94  8:22  Nexus  
  94  8:25  Pylon  
  94  8:27  Pylon x2  
  94  8:28  Pylon  
  94  8:31  Pylon  
  94  8:43  Immortal  
  94  8:48  Stalker x4  
  102  8:52  Gateway  
  106  8:57  Pylon  
  106  8:58  Probe  
  106  8:59  Pylon  
  106  9:00  Void Ray (Chrono Boost)  
  106  9:02  Pylon  
  111  9:14  Dark Templar x4  
  119  9:22  Warp Prism  
  121  9:24  Gateway  
  121  9:30  Pylon  
  121  9:33  Probe  
  122  9:42  Void Ray (Chrono Boost)  
  122  9:44  Probe  
  127  9:59  Stalker x4  
  133  10:13  Immortal  
  137  10:21  Void Ray (Chrono Boost)  
  141  10:35  Gateway  
  141  10:39  Archon  
  141  10:43  Stalker x3  
  141  10:44  Gateway  
  141  10:46  Probe  
  141  10:47  Assimilator  
  141  10:48  Forge, Assimilator  
  148  10:53  Forge  
  148  10:58  Probe  
  149  11:05  Zealot  
  149  11:06  Zealot x2  
  149  11:07  Zealot x3  
  161  11:11  Probe  
  161  11:17  Probe  
  163  11:20  Void Ray (Chrono Boost)  
  163  11:22  Probe  
  168  11:29  Observer  
  168  11:30  Protoss Ground Weapons Level 1  
  168  11:31  Protoss Ground Armor Level 1  
  168  11:32  Probe  
  170  11:53  Nexus  
  170  12:01  Dark Templar x2  
  170  12:02  Dark Templar x3  
  170  12:06  Archon x2  
  180  12:10  Archon  
  179  12:16  Charge (Chrono Boost)  
  179  13:00  Pylon  
  179  13:01  Pylon  
  179  13:04  Pylon  
  179  13:17  Pylon  
  154  13:27  Pylon  
  101  13:38  Dark Templar x6  
  101  13:39  Dark Templar x2  
  87  13:54  Probe  
  70  14:04  Probe  
  71  14:15  Probe  
  72  14:18  Stalker x4  
  72  14:19  Stalker x4, Probe  
  72  14:23  Protoss Ground Weapons Level 2  
  72  14:24  Protoss Ground Armor Level 2  
  89  14:25  Probe  
  89  14:29  Probe  
  91  14:32  Probe  
  92  14:41  Assimilator  
  92  14:44  Probe  
  93  14:46  Assimilator  
  93  14:56  Stalker x3  
  93  14:57  Probe  
  100  15:08  Nexus  
  100  15:12  Pylon  
  100  15:14  Pylon  
  100  15:16  Pylon  
  100  15:20  Fleet Beacon  
  100  15:21  Pylon  
  100  15:24  Pylon  
  100  15:26  Pylon  
  100  15:29  Stalker x5  
  100  15:33  Stargate  
  110  15:42  Mothership Core  
  112  15:47  Pylon x2  
  112  15:49  Probe  
  113  15:59  Probe  
  113  16:00  Immortal  
  118  16:05  Robotics Bay  
  118  16:10  Dark Templar x2  
  118  16:11  Dark Templar  
  124  16:12  Zealot x4  
  124  16:13  Zealot  
  124  16:15  Archon  
  124  16:16  Archon  
  124  16:18  Probe  
  134  16:25  Probe  
  135  16:27  Probe  
  135  16:28  Probe  
  135  16:30  Graviton Catapult  
  138  16:35  Tempest, Probe  
  138  16:37  Probe  
  138  16:39  Probe  
  144  16:50  Dark Templar  
  144  16:51  Dark Templar  
  148  16:57  Observer  
  149  17:09  Probe  
  149  17:10  Assimilator  
  149  17:14  Assimilator  
  150  17:20  Pylon  
  150  17:22  Pylon  
  97  17:33  Stalker x2  
  97  17:34  Stalker x6  
  91  17:42  Stalker  
  91  17:43  Colossus  
  81  17:56  Stalker  
  81  17:57  Stalker x5  
  81  18:00  Stalker  
  81  18:02  Nexus  
  81  18:04  Pylon  
  81  18:05  Mothership Core  
  83  18:07  Pylon  
  85  18:14  Pylon  
  85  18:15  Pylon  
  85  18:17  Pylon  
  81  18:31  Tempest  
  72  18:34  Stalker x2  
  72  18:35  Stalker x2  
  74  18:58  Stalker  
  74  18:59  Stalker x5  
  79  19:24  Void Ray x2  
  75  19:32  Probe  
  69  19:38  Immortal  
  69  19:43  Probe  
  57  19:53  Probe  
  58  20:04  Stalker, Probe  
  58  20:06  Sentry  
  63  20:15  Probe  
  63  20:16  Assimilator  
  64  20:25  Probe  
Show
View Real Time Build Order
Export as new Build Order

Nero Protoss - Winner!

Build Orders: Double Forge 

Get SALT Encoding   

  12  0:02  Probe (Chrono Boost)  
  13  0:12  Probe (Chrono Boost)  
  14  0:23  Probe (Chrono Boost)  
  14  0:26  Pylon  
  15  0:44  Probe (Chrono Boost)  
  15  0:45  Gateway  
  16  0:50  Assimilator  
  16  0:55  Probe (Chrono Boost)  
  17  1:04  Pylon  
  17  1:05  Probe (Chrono Boost)  
  17  1:10  Assimilator  
  18  1:16  Probe (Chrono Boost)  
  19  1:27  Probe (Chrono Boost)  
  20  1:34  Cybernetics Core  
  20  1:37  Probe (Chrono Boost)  
  20  1:39  Zealot (Chrono Boost)  
  23  1:52  Forge  
  23  1:58  Probe  
  24  2:10  Warp Gate (Chrono Boost)  
  24  2:11  Probe  
  25  2:17  Gateway  
  25  2:28  Pylon  
  25  2:31  Pylon  
  25  2:34  Photon Cannon  
  25  2:38  Zealot (Chrono Boost)  
  27  2:53  Mothership Core  
  29  3:06  Forge  
  29  3:12  Forge  
  29  3:15  Sentry, Zealot  
  33  3:32  Photon Cannon  
  33  3:50  Nexus  
  33  3:57  Pylon  
  33  3:59  Probe  
  33  4:50  Pylon, Zealot x2  
  37  4:58  Twilight Council  
  36  5:09  Protoss Ground Weapons Level 1, Protoss Ground Armor Level 1  
  36  5:18  Assimilator  
  36  5:20  Probe  
  37  5:22  Assimilator  
  37  5:32  Probe (Chrono Boost)  
  37  5:33  Probe (Chrono Boost)  
  37  5:35  Pylon  
  39  5:44  Probe (Chrono Boost), Zealot x2  
  39  5:45  Probe (Chrono Boost)  
  45  5:50  Charge  
  45  5:55  Probe (Chrono Boost)  
  46  5:58  Probe (Chrono Boost)  
  46  6:06  Probe (Chrono Boost)  
  45  6:20  Probe x2 (Chrono Boost)  
  45  6:24  Photon Cannon  
  47  6:25  Photon Cannon  
  47  6:30  Probe x2 (Chrono Boost)  
  47  6:31  Sentry  
  51  6:41  Probe x2 (Chrono Boost)  
  51  6:46  Sentry  
  55  6:51  Probe (Chrono Boost)  
  55  6:52  Probe (Chrono Boost)  
  57  6:54  Gateway  
  57  7:04  Protoss Ground Weapons Level 2  
  57  7:08  Adept  
  59  7:11  Probe x2 (Chrono Boost)  
  61  7:23  Adept  
  63  7:36  Robotics Facility  
  63  7:43  Probe x2 (Chrono Boost)  
  65  7:44  Robotics Facility  
  65  7:54  Probe x2 (Chrono Boost)  
  66  8:04  Probe x2 (Chrono Boost)  
  68  8:07  Protoss Ground Armor Level 2  
  68  8:10  Protoss Shields Level 1  
  68  8:11  Stalker  
  70  8:13  Stalker  
  72  8:21  Blink  
  72  8:27  Pylon  
  72  8:31  Pylon  
  72  8:36  Observer  
  72  8:37  Observer  
  74  8:51  Stalker  
  74  8:52  Stalker x2  
  80  9:02  Templar Archives  
  80  9:04  Immortal  
  84  9:10  Immortal  
  84  9:16  Probe (Chrono Boost)  
  89  9:19  Stalker x2  
  93  9:28  Pylon x2  
  93  9:33  Pylon  
  93  9:38  Protoss Ground Weapons Level 3  
  93  9:58  Immortal  
  97  10:00  Immortal  
  97  10:01  Sentry  
  97  10:03  Zealot  
  105  10:32  Photon Cannon x2  
  105  10:38  Observer  
  105  10:41  High Templar x2  
  110  10:45  Immortal  
  114  10:52  Zealot  
  116  10:59  Pylon  
  116  11:01  Pylon  
  116  11:14  Nexus  
  116  11:16  Pylon  
  116  11:20  Assimilator  
  116  11:22  Assimilator  
  116  11:24  Pylon  
  116  11:29  High Templar  
  116  11:30  High Templar x2  
  122  11:33  Immortal  
  126  11:42  Photon Cannon  
  126  11:45  Photon Cannon  
  126  11:48  Probe (Chrono Boost)  
  126  11:49  Probe (Chrono Boost)  
  128  11:57  Psionic Storm  
  128  12:05  High Templar  
  130  12:21  Immortal  
  134  12:23  Immortal  
  134  12:29  Probe x3 (Chrono Boost)  
  141  12:38  Photon Cannon  
  141  12:52  Photon Cannon  
  141  12:54  Photon Cannon  
  141  12:56  Probe x3 (Chrono Boost)  
  144  13:00  High Templar x2  
  144  13:02  High Templar  
  150  13:06  Probe (Chrono Boost)  
  150  13:07  Probe (Chrono Boost)  
  150  13:11  Immortal  
  118  13:29  Archon  
  118  13:34  Stalker x2  
  92  13:45  Stalker  
  78  14:01  Stalker x2  
  78  14:04  Probe x3 (Chrono Boost)  
  82  14:17  Observer x2  
  82  14:20  Protoss Ground Armor Level 3  
  82  14:21  Protoss Shields Level 2  
  83  14:40  Nexus  
  83  14:42  High Templar x3  
  83  14:44  Assimilator  
  89  14:46  Immortal  
  89  14:48  Assimilator  
  89  14:50  Pylon  
  93  14:53  Pylon  
  93  14:55  Pylon  
  93  15:07  Gateway  
  93  15:09  Gateway  
  93  15:21  Gateway  
  93  15:23  Photon Cannon  
  93  15:29  Stalker x3  
  93  15:32  Immortal x2  
  107  15:40  Mothership Core (Chrono Boost)  
  109  15:54  Probe x3 (Chrono Boost)  
  112  15:57  High Templar x3  
  118  16:09  High Templar  
  120  16:11  High Templar  
  120  16:16  Probe x3 (Chrono Boost)  
  120  16:17  Probe (Chrono Boost)  
  126  16:22  Photon Cannon  
  126  16:24  Photon Cannon  
  126  16:26  Photon Cannon  
  126  16:27  Probe x4 (Chrono Boost)  
  126  16:32  Sentry x3  
  136  16:33  Zealot  
  138  16:47  Zealot x2  
  138  16:52  Immortal x2  
  150  17:06  Stalker x4  
  158  17:11  High Templar x2  
  150  17:29  Archon  
  125  17:31  Warp Prism x2  
  129  17:51  Stalker  
  129  17:52  Stalker x5  
  141  18:07  Immortal x2  
  149  18:16  Probe (Chrono Boost)  
  146  18:46  Immortal x2  
  154  18:52  Stalker x4  
  154  18:53  Stalker x2  
  164  19:25  Immortal x2, Stalker x2  
  164  19:26  Stalker x4  
  184  19:49  High Templar x3  
  184  19:50  High Templar x2  
  184  19:52  Zealot  
  196  20:15  Pylon  
  196  20:17  Photon Cannon  
  196  20:19  Nexus  
  196  20:20  Photon Cannon  
  196  20:23  Assimilator  
  196  20:26  Assimilator  
  196  20:32  Pylon  
  196  20:33  Immortal  
  196  20:34  Pylon  
  198  20:36  Pylon  
  187  21:30  Archon  
  187  21:31  Archon  
Tags
 
League
Gold
Matchup
PvP
Replay Pack
rep
Add a new tag
Caveats
  • Supply blocks, unpowered buildings, or Contaminate may cause inaccurate times.
  • Supply counts are checked every 10 seconds.